cohdb
Replays
Latest Replays
All Replays
Popular Replays
Top Player Replays
Match Explorer
How It Works
Community
CoH3 Stats
Reddit
Sign in to upload your games and track your stats! →
Sign in with Steam
Match 41348197
Unlisted
Match 41348197
Overview
Messages
Build Orders
End
Kradschützen Motorcycle Team
Selects Panzerjäger Kommand Battlegroup
Selects Mine Fields
250 Light Carrier
Panzergrenadier Squad
Construct Light Support Kompanie
MG34 Team
Combat Half-tracks
Panzerjäger Mechanized Group
Construct Mechanized Kompanie
Selects Tank Busters
Marder III Tank Destroyer
8 Rad Armored Car
2.5-tonne Medical Truck
Fire Support Elements
Vehicle Survival Package
Emergency Repair Kits
Selects Early Warning
Selects Butterfly Bomb Drop
Butterfly Bomb Drop
Flakvierling Half-track
youcanyouup
gustaf
风铃
조영
BAOBAB
GamJA
ARC_RAID
Tanith's Finest
0
0
Comments
sign in to comment!
No comments posted yet!